Map: 큐리어스 마인즈 - 래더

Players

SpeCial - Winner!

  • Race: Terran Terran
  • League: Master

DRG

  • Race: Zerg Zerg

Event: DreamHack SC2 Masters Last Chance 2022

VOD

Have the link to the VOD?

Description

Time

  • Played on: Dec. 19, 2021, 9:26 p.m.
  • Length: 9:09

All games in this series

Show
View Real Time Build Order
Export as new Build Order

SpeCial Terran - Winner!

Build Orders:  

Get SALT Encoding   

  12  0:00  SCV  
  13  0:12  SCV  
  14  0:17  Supply Depot  
  14  0:24  SCV  
  15  0:39  Barracks  
  15  0:48  Barracks  
  15  0:52  SCV  
  16  1:04  SCV  
  16  1:06  Refinery  
  17  1:16  SCV  
  18  1:27  Marine  
  18  1:29  Orbital Command  
  19  1:35  Marine  
  20  1:43  Supply Depot  
  20  1:44  Marine  
  21  1:51  Bunker  
  21  1:55  SCV, Reaper  
  23  2:04  Bunker  
  23  2:08  SCV  
  23  2:09  Reaper  
  25  2:20  SCV  
  26  2:33  SCV  
  28  2:41  Command Center  
  27  2:46  SCV  
  28  2:54  Barracks  
  28  2:55  Barracks  
  28  3:01  SCV  
  28  3:05  Barracks  
  29  3:13  SCV  
  30  3:22  Supply Depot  
  30  3:23  Barracks Tech Lab  
  30  3:25  SCV  
  30  3:26  Barracks Reactor  
  31  3:41  Refinery  
  31  3:42  Stimpack  
  31  3:43  Barracks Tech Lab  
  31  3:44  SCV, Marine  
  34  3:54  Supply Depot, Orbital Command  
  33  3:57  Marine x2  
  33  4:01  SCV, Marine  
  37  4:04  Marine x2  
  37  4:08  Marine  
  40  4:11  Combat Shield  
  40  4:14  SCV  
  41  4:20  SCV  
  41  4:21  Marine x2  
  44  4:26  SCV  
  45  4:31  Factory  
  45  4:32  SCV  
  45  4:34  Supply Depot  
  45  4:36  Marine  
  45  4:37  Marine  
  48  4:39  Marine  
  48  4:41  SCV  
  48  4:44  SCV  
  48  4:45  Marine  
  52  4:46  Marine  
  52  4:48  Marine  
  54  4:53  Engineering Bay  
  54  4:54  Refinery  
  54  4:56  SCV  
  54  4:59  SCV  
  56  5:01  Marine x2  
  56  5:06  Supply Depot  
  58  5:10  SCV  
  58  5:11  SCV  
  58  5:12  Barracks Reactor x2  
  58  5:13  Marine  
  61  5:19  Terran Infantry Weapons Level 1  
  61  5:23  Starport  
  61  5:26  SCV  
  62  5:30  Marine x2  
  62  5:33  SCV  
  62  5:34  Marine x2  
  66  5:37  Factory Reactor  
  61  5:43  SCV  
  54  5:50  Marine x3  
  54  5:51  Marine x3  
  54  5:52  Marine  
  54  5:55  SCV x2  
  63  5:59  Supply Depot  
  63  6:07  Marine  
  63  6:08  Marine x3  
  63  6:09  Marine x2  
  68  6:17  SCV x2  
  70  6:21  Medivac  
  70  6:22  Supply Depot, Medivac  
  70  6:24  Marine x2  
  70  6:25  Marine  
  77  6:26  Marine x2  
  77  6:28  Siege Tank  
  77  6:31  Refinery  
  82  6:37  Supply Depot  
  82  6:38  Marine x2  
  83  6:46  Marine x6  
  89  6:54  Medivac  
  89  6:55  Supply Depot, Medivac, Marine  
  89  6:58  Marine  
  95  7:03  Marine x2  
  95  7:04  Marine  
  95  7:05  Supply Depot  
  95  7:07  Siege Tank  
  95  7:08  Marine  
  101  7:10  Marine  
  102  7:16  Marine  
  103  7:27  Marine x5  
  103  7:28  Marine  
  103  7:29  Marine  
  103  7:34  Marine  
  103  7:45  Marine x5  
  103  7:46  Marine x2  
  110  7:52  Siege Tank, Marine  
  113  8:03  Marine x2  
  115  8:07  Marine x3  
  118  8:14  Supply Depot  
  118  8:15  Supply Depot  
  118  8:16  Marine  
  118  8:19  Marine x2  
  117  8:22  Liberator  
  117  8:25  Marine  
  118  8:30  Supply Depot  
  118  8:35  Marine x2  
  118  8:36  Marine x3  
  118  8:37  Marine x2  
  116  8:45  Marine  
Show
View Real Time Build Order
Export as new Build Order

DRG Zerg 

Build Orders: Hatch First 

Get SALT Encoding   

  12  0:00  Drone  
  13  0:12  Overlord  
  13  0:16  Drone  
  14  0:30  Drone x2  
  16  0:47  Hatchery  
  15  0:50  Drone  
  15  0:54  Drone  
  18  0:57  Drone  
  18  1:09  Extractor  
  17  1:13  Spawning Pool  
  17  1:15  Drone  
  17  1:19  Drone  
  18  1:28  Drone  
  19  1:38  Drone  
  20  2:00  Zergling x6, Queen x2  
  26  2:12  Zergling x4  
  25  2:24  Zergling x4  
  27  2:36  Drone  
  27  2:43  Overlord  
  27  2:49  Overlord  
  27  3:03  Drone x3  
  27  3:04  Drone  
  27  3:05  Drone  
  32  3:10  Drone  
  32  3:12  Drone  
  34  3:18  Metabolic Boost  
  34  3:22  Drone  
  34  3:25  Drone  
  36  3:27  Drone  
  36  3:31  Drone  
  36  3:33  Drone  
  39  3:35  Drone  
  39  3:39  Overlord  
  40  3:41  Drone  
  40  3:45  Drone  
  40  3:48  Drone  
  43  3:56  Queen, Overlord  
  43  4:00  Drone  
  46  4:09  Hatchery  
  45  4:12  Drone x2  
  45  4:16  Drone x2  
  49  4:21  Queen  
  51  4:25  Overlord  
  51  4:32  Queen  
  51  4:33  Drone x2  
  55  4:39  Drone, Baneling Nest  
  55  4:43  Drone  
  56  4:47  Drone x3  
  56  4:50  Overlord  
  59  4:55  Drone  
  59  4:57  Drone x2  
  59  4:59  Queen  
  62  5:01  Spore Crawler  
  62  5:02  Spore Crawler  
  62  5:05  Zergling x4  
  63  5:08  Overlord  
  63  5:14  Drone x3  
  63  5:20  Drone  
  67  5:22  Drone x2  
  67  5:23  Queen  
  71  5:33  Drone  
  71  5:34  Drone  
  73  5:36  Zergling x6  
  73  5:38  Queen  
  70  5:45  Zergling x12  
  70  5:48  Drone  
  66  5:54  Drone x2  
  66  5:56  Lair  
  68  6:01  Drone  
  69  6:04  Queen  
  69  6:08  Drone x5  
  75  6:11  Drone  
  75  6:13  Drone  
  75  6:15  Drone x3  
  75  6:17  Extractor  
  75  6:18  Extractor  
  78  6:21  Drone  
  78  6:24  Drone  
  80  6:26  Overlord  
  80  6:27  Drone  
  80  6:28  Drone  
  80  6:32  Evolution Chamber, Extractor  
  80  6:35  Zergling x6, Evolution Chamber  
  80  6:39  Zergling x8  
  86  6:40  Queen  
  86  6:45  Baneling  
  86  6:46  Baneling x10  
  88  6:51  Zergling x10  
  92  6:55  Zergling x2  
  92  6:57  Overlord  
  93  7:02  Overlord  
  93  7:04  Zergling x2  
  93  7:05  Zergling x6  
  93  7:08  Centrifugal Hooks  
  97  7:09  Overlord  
  97  7:11  Zergling x2  
  98  7:17  Zergling x6  
  100  7:28  Drone x7  
  100  7:29  Drone  
  104  7:31  Extractor  
  104  7:35  Hatchery  
  102  7:38  Zergling x6  
  102  7:43  Zergling x8  
  108  7:50  Zergling x4  
  110  7:55  Zergling x6  
  110  8:00  Zergling x10  
  110  8:03  Zergling x2  
  110  8:04  Baneling x2  
  110  8:05  Baneling x7  
  113  8:07  Zergling x6  
  116  8:15  Zergling x6  
  112  8:20  Queen x2  
  112  8:24  Zergling x10  
  112  8:27  Baneling x5  
  116  8:30  Zergling x6  
  116  8:32  Zergling x2  
  116  8:33  Zergling x2  
  100  8:44  Zergling x4  
  92  8:48  Zergling x2  
  92  8:49  Zergling x2  
  92  8:52  Baneling x4  

Tags
 
Add a new tag
Caveats
  • Supply blocks, unpowered buildings, or Contaminate may cause inaccurate times.
  • Supply counts are checked every 10 seconds.